 Dungeon Crawl Stone Soup version 0.30.1-8-g117510f58f (webtiles) character file.

Game seed: 11606192703030309352

55934 Danienth the Severer (level 14, -4/140 HPs)
             Began as a Minotaur Fighter on Sept 23, 2023.
             Was a High Priest of Okawaru.
             Killed by divine providence
             ... invoked by a deep elf high priest
              (16 damage)
             ... on level 1 of the Elven Halls.
             The game lasted 01:54:44 (20394 turns).

Danienth the Severer (Minotaur Fighter)            Turns: 20394, Time: 01:54:45

Health: -4/140     AC: 17    Str: 34    XL:     14   Next: 40%
Magic:  10/13      EV: 13    Int: 11    God:    Okawaru [*****.]
Gold:   1107       SH: 18    Dex: 17    Spells: 8/13 levels left

rFire   + . .        s - +11 war axe of Suseutza {freeze, rC+ Will+ Int+4}
rCold   + + .        c - +3 kite shield {AC+3}
rNeg    . . .        D - +1 scale mail {Will+}
rPois   .            E - +0 hat "Qaanly" {Rampage *Slow Fly rElec}
rElec   +            R - scarf {rC+ rF+}
rCorr   .            (no gloves)
SInv    .            i - +1 pair of boots
Will    +++..        (no amulet)
Stlth   ++           n - +6 ring of strength
HPRegen 0.43/turn    w - ring of Rydill {rElec Str+5 Dex+6}
MPRegen 0.13/turn

%: slow self (1%), rampage
@: heroic, flying
A: horns 2, retaliatory headbutt
a: Renounce Religion, Heroism, Finesse, Duel


You were on level 1 of the Elven Halls.
You worshipped Okawaru.
Okawaru was extremely pleased with you.
You visited 4 branches of the dungeon, and saw 17 of its levels.

You collected 1624 gold pieces.
You spent 517 gold pieces at shops.

Inventory:

Hand Weapons
 a - the +11 war axe of the Dozen Xeniums {freeze, rF+ rC+ rCorr Str+4}
   (Okawaru gifted it to you on level 2 of the Orcish Mines)

   Str:       It affects your strength (+4).
   rF:        It protects you from fire.
   rC:        It protects you from cold.
   rCorr:     It protects you from acid and corrosion.
 l - a +3 halberd of flaming
 q - a +1 spear of venom
 s - the +11 war axe of Suseutza (weapon) {freeze, rC+ Will+ Int+4}
   (You found it on level 11 of the Dungeon)

   Int:       It affects your intelligence (+4).
   rC:        It protects you from cold.
   Will:      It increases your willpower.
 t - a +2 shortbow of freezing
 z - a +2 hand axe of distortion
 A - a +1 broad axe of pain
 C - a +2 heavy halberd
 O - a +3 halberd of protection
 P - the +7 war axe "Mim Xit" {holy, Str+3}
   (You found it on level 8 of the Dungeon)

   Str:       It affects your strength (+3).
Missiles
 f - a throwing net
 h - 49 poisoned darts (quivered)
 r - 2 curare-tipped darts
 I - 3 atropa-tipped darts
Armour
 b - a +0 scale mail
 c - a +3 kite shield of protection (worn)
 i - a +1 pair of boots (worn)
 y - the +1 cloak of the Merchant {rN+ Dex+3}
   (Okawaru gifted it to you on level 1 of the Elven Halls)

   Dex:       It affects your dexterity (+3).
   rN:        It protects you from negative energy.
 D - a +1 scale mail of willpower (worn)
 E - the +0 hat "Qaanly" (worn) {Rampage *Slow Fly rElec}
   (Okawaru gifted it to you on level 11 of the Dungeon)

   rElec:     It insulates you from electricity.
   Fly:       It grants you flight.
   *Slow:     It may slow you when you take damage.
   Rampage:   It bestows one free step when moving towards enemies.
 H - +0 steam dragon scales
 R - a scarf of resistance (worn)
 Z - +0 acid dragon scales
Jewellery
 n - a +6 ring of strength (left hand)
 w - the ring of Rydill (right hand) {rElec Str+5 Dex+6}
   (You acquired it on level 9 of the Dungeon)

   [ring of dexterity]

   Str:       It affects your strength (+5).
   Dex:       It affects your dexterity (+6).
   rElec:     It insulates you from electricity.
 N - a ring of flight
 W - a ring of willpower
 X - a ring of fire
Wands
 e - a wand of quicksilver (1)
 j - a wand of flame (19)
 G - a wand of digging (5)
 L - a wand of iceblast (20)
 S - a wand of mindburst (9)
Scrolls
 g - a scroll of blinking
 k - 2 scrolls of magic mapping
 p - 10 scrolls of teleportation
 u - a scroll of poison {unknown}
 B - 2 scrolls of amnesia
 T - 10 scrolls of identify
 V - a scroll of fear
Potions
 d - 4 potions of lignification
 v - a potion of brilliance
 x - 3 potions of cancellation


   Skills:
 * Level 17.5(22.5) Fighting
 - Level 18.0(23.0) Axes
 + Level 13.6(18.6) Armour
 + Level 12.4(17.4) Shields
 - Level 0.3 Invocations


You had 8 spell levels left.
You knew the following spells:

 Your Spells              Type           Power      Damage    Failure   Level
a - Passwall              Tmut/Erth      0%         N/A       69%         2
b - Hailstorm             Conj/Ice       0%         3d3       89%         3

Your spell library contained the following spells:

 Spells                   Type           Power      Damage    Failure   Level
 Apportation              Tloc           0%         N/A       54%         1
 Magic Dart               Conj           0%         1d3       54%         1
 Necrotise                Necr           0%         1d4       54%         1
 Sandblast                Erth           0%         2d4       54%         1
 Searing Ray              Conj           0%         2d4       69%         2
 Stone Arrow              Conj/Erth      0%         3d7       89%         3
 Fulminant Prism          Conj/Hex       0%         3d5       100%        4
 Ice Form                 Ice/Tmut       0%         N/A       100%        4
 Passage of Golubria      Tloc           0%         N/A       100%        4
 Yara's Violent Unravell  Hex/Tmut       0%         3d3       100%        5
 Summon Small Mammal      Summ           Unusable   N/A       N/A         1
 Tukima's Dance           Hex            Unusable   N/A       N/A         3
 Simulacrum               Ice/Necr       Unusable   N/A       N/A         6

Dungeon Overview and Level Annotations

Branches:
Dungeon (13/15)            Temple (1/1) D:4            Lair (0/5) D:11
    Orc (2/2) D:10            Elf (1/3) Orc:2        Vaults (0/5) D:13

Altars:
Ashenzari
Cheibriados
Dithmenos
Elyvilon
Fedhas
Gozag
Hepliaklqana
Kikubaaqudgha
Makhleb
Nemelex Xobeh
Okawaru
Qazlal
Ru
Sif Muna
Trog
Uskayaw
Vehumet
Wu Jian
Xom
Yredelemnul
Zin
The Shining One

Shops:
D:5 [   D:9 ?   D:10 !*   Orc:1 ?   Orc:2 [=?(   Elf:1 :

Annotations:
D:11 exclusion: oklob plant


Innate Abilities, Weirdness & Mutations

You have a pair of horns on your head.
You reflexively headbutt those who attack you in melee.


Message History

Cleave: s) +11 war axe of Suseutza {freeze, rC+ Will+ Int+4}
Press: ? - help, Dir - move target, f/p - deep elf zephyrmancer
Aim: a deep elf zephyrmancer, wielding a +0 long sword (severely wounded, spells empowered, about 25% to evade the +11 war axe of Suseutza)
You slice the deep elf zephyrmancer!! You freeze the deep elf zephyrmancer.
You kill the deep elf zephyrmancer!
Okawaru accepts your kill.
You reach down and close the large door.
You start resting.
You feel like a meek peon again.
A deep elf high priest breaks down the large door.
You are too injured to fight recklessly!
You block the deep elf high priest's attack.
There is a large broken door here.
Cleave: s) +11 war axe of Suseutza {freeze, rC+ Will+ Int+4}
Press: ? - help, Dir - move target, f - deep elf high priest
Aim: a deep elf high priest, wielding a +0 short sword (about 27% to evade the +11 war axe of Suseutza)
You slash the deep elf high priest! You freeze the deep elf high priest.
Your headbutt misses the deep elf high priest.
The deep elf high priest is moderately wounded.
You block the deep elf high priest's attack.
You are too injured to fight recklessly!
Cleave: s) +11 war axe of Suseutza {freeze, rC+ Will+ Int+4}
Press: ? - help, Dir - move target, f/p - deep elf high priest
Aim: a deep elf high priest, wielding a +0 short sword (moderately wounded, about 27% to evade the +11 war axe of Suseutza)
You barely miss the deep elf high priest.
The deep elf high priest is moderately wounded.
The deep elf high priest utters a dark prayer and points at you.
Your life force is offered up.
* * * LOW HITPOINT WARNING * * *
The deep elf high priest is healed.
Cleave: s) +11 war axe of Suseutza {freeze, rC+ Will+ Int+4}
Press: ? - help, Dir - move target, f/p - deep elf high priest
Aim: a deep elf high priest, wielding a +0 short sword (about 27% to evade the +11 war axe of Suseutza)
Okay, then.
You feel better.
The deep elf high priest hits you but does no damage.
You gain the combat prowess of a mighty hero.
The deep elf high priest mumbles some strange prayers to its god against you.
Something smites you!
You die...

### ##..# ######
##....##....#.#.
#.....)'........
#......@).#...#
##....##e....# ..
##..##)....##
...######.).#..'...
...............'...
##.#.#)#.#....##..
#.#.#.#.###### .
#........#####
....#
###..........#


You could see a deep elf high priest.

Vanquished Creatures
  A deep elf elementalist (Elf:1)
  A deep elf demonologist (Elf:1)
  A hydra (D:13)
  4 ogre magi
  3 centaur warriors (D:13)
  Erica (D:8)
  2 vault guards (D:13)
  14 two-headed ogres
  A dancing weapon (Elf:1)
  A boulder beetle (D:11)
  3 deep elf knights (Elf:1)
  A slime creature (D:11)
  4 deep elf archers (Elf:1)
  15 deep elf pyromancers (Elf:1)
  16 deep elf zephyrmancers (Elf:1)
  3 orc sorcerers
  3 ugly things (D:13)
  5 cyclopes
  A guardian serpent (D:12)
  Maurice (D:8)
  A black mamba (shapeshifter) (Elf:1)
  A gargoyle (D:11)
  2 unseen horrors
  A kobold demonologist (D:12)
  Psyche (D:8)
  A freezing wraith (D:12)
  2 trolls
  The ghost of booth the Chopper, an amateur GnRe (D:5)
  2 hornets (D:9)
  Prince Ribbit (D:8)
  A jumping spider (shapeshifter) (Elf:1)
  A shadow (D:10)
  An air elemental (Elf:1)
  2 wraiths
  8 yaks
  A basilisk (D:13)
  Grum (D:9)
  9 humans (D:13)
  2 wyverns
  2 steam dragons
  6 vampire mosquitoes
  A warg (shapeshifter) (Elf:1)
  A warg (Orc:1)
  3 water moccasins
  5 acid dragons
  11 orc warriors
  A black bear (D:6)
  An ice beast (D:5)
  31 ogres
  4 wolves (D:9)
  7 centaurs
  A phantom (D:6)
  7 kobold brigands
  A bullfrog (D:9)
  9 gnoll sergeants
  3 scorpions
  4 wights (D:8)
  5 killer bees (D:10)
  A howler monkey (D:6)
  2 electric eels (D:8)
  A hound (D:4)
  14 orc priests
  2 jellies
  A gnoll bouda (D:4)
  A sleepcap (D:6)
  26 orc wizards
  2 scorpion simulacra (D:5)
  16 gnolls
  9 adders
  A hound simulacrum (D:5)
  A white imp (D:6)
  A worm (D:4)
  2 adder simulacra (D:5)
  2 dart slugs
  55 orcs
  6 ball pythons
  5 bats
  11 endoplasms
  3 giant cockroaches
  6 hobgoblins
  6 jackals
  20 kobolds
  7 quokkas
  3 frilled lizards
  7 goblins
  7 rats
441 creatures vanquished.

Vanquished Creatures (others)
  2 humans
  A gnoll (D:8)
3 creatures vanquished.

Grand Total: 444 creatures vanquished

Notes
Turn   | Place    | Note
-------+----------+-------------------------------------------
     0 | D:1      | Danienth the Minotaur Fighter began the quest for the Orb.
     0 | D:1      | Reached XP level 1. HP: 19/19 MP: 0/0
    97 | D:1      | Found a faded altar of an unknown god.
   259 | D:1      | Reached XP level 2. HP: 27/27 MP: 1/1
   619 | D:1      | Reached XP level 3. HP: 33/33 MP: 2/2
   750 | D:2      | Reached skill level 3 in Axes
  1548 | D:3      | Reached XP level 4. HP: 39/41 MP: 3/3
  1652 | D:3      | Reached skill level 4 in Axes
  1737 | D:3      | Found a glowing silver altar of Zin.
  2030 | D:3      | Reached skill level 5 in Axes
  2030 | D:3      | Reached XP level 5. HP: 11/47 MP: 4/4
  2213 | D:3      | Found a radiant altar of Vehumet.
  2574 | D:4      | Reached skill level 6 in Axes
  2584 | D:4      | Reached XP level 6. HP: 30/53 MP: 5/5
  2697 | D:4      | Found a staircase to the Ecumenical Temple.
  2752 | Temple   | Entered the Ecumenical Temple
  2788 | Temple   | Became a worshipper of Warmaster Okawaru
  3279 | D:5      | Entered Level 5 of the Dungeon
  3342 | D:5      | Found a blossoming altar of Fedhas.
  3344 | D:5      | Reached skill level 7 in Axes
  3502 | D:5      | Reached skill level 5 in Armour
  3531 | D:5      | Found Wymudu's Antique Armour Shop.
  3589 | D:5      | Found a broken altar of Ashenzari.
  3644 | D:5      | Noticed an ice beast
  3702 | D:5      | Found a runed translucent gate.
  3702 | D:5      | Found a runed translucent gate.
  3702 | D:5      | Found a runed translucent gate.
  3806 | D:5      | Reached XP level 7. HP: 60/60 MP: 6/6
  3898 | D:5      | Reached skill level 8 in Axes
  4016 | D:5      | Found an ancient bone altar of Kikubaaqudgha.
  4019 | D:5      | Noticed a human
  4020 | D:5      | Killed a human
  4196 | D:5      | Noticed booth's ghost (amateur GnRe)
  4384 | D:6      | Reached skill level 5 in Fighting
  4714 | D:6      | Reached * piety under Okawaru
  4722 | D:6      | Reached skill level 9 in Axes
  4724 | D:6      | Reached XP level 8. HP: 41/68 MP: 7/7
  5187 | D:6      | You fall into a shaft and drop 1 floor!
  5400 | D:7      | Reached skill level 10 in Axes
  5513 | D:7      | Reached ** piety under Okawaru
  5717 | D:8      | Noticed Erica
  5734 | D:8      | Killed Erica
  5734 | D:8      | Reached *** piety under Okawaru
  5735 | D:8      | Reached skill level 11 in Axes
  5735 | D:8      | Reached skill level 5 in Shields
  5735 | D:8      | Reached XP level 9. HP: 42/75 MP: 8/8
  5983 | D:8      | Noticed Prince Ribbit
  5997 | D:8      | Killed Prince Ribbit
  6062 | D:8      | Reached skill level 12 in Axes
  6869 | D:8      | Found an opulent altar of Gozag.
  7118 | D:8      | Noticed Maurice
  7138 | D:8      | Killed Maurice
  7138 | D:8      | Reached **** piety under Okawaru
  7230 | D:8      | Identified the +7 war axe "Mim Xit" {holy, Str+3}
  7629 | D:8      | Noticed Psyche
  7641 | D:8      | Killed Psyche
  7957 | D:9      | Found Hooraoq's Magic Scroll Boutique.
  7967 | D:9      | Identified a scroll of acquirement
  7967 | D:9      | Acquired the ring of Rydill {rElec Str+5 Dex+6}
  7991 | D:9      | Reached XP level 10. HP: 86/86 MP: 9/9
  8003 | D:9      | Reached skill level 13 in Axes
  8014 | D:9      | Noticed Grum
  8022 | D:9      | Killed Grum
  8326 | D:9      | Reached skill level 10 in Armour
  8648 | D:6      | Found a basalt altar of Yredelemnul.
  8648 | D:6      | Found a stormy altar of Qazlal.
  8648 | D:6      | Found a hazy altar of Hepliaklqana.
  8648 | D:6      | Found a shadowy altar of Dithmenos.
  8658 | D:6      | Found a white marble altar of Elyvilon.
  8663 | D:6      | Found a burning altar of Makhleb.
  8836 | D:5      | Killed booth's ghost
  8836 | D:5      | Reached ***** piety under Okawaru
  9180 | D:10     | Entered Level 10 of the Dungeon
  9207 | D:10     | Found a shimmering altar of Xom.
  9467 | D:10     | Reached skill level 14 in Axes
  9546 | D:10     | Found Lyrain's General Store.
  9557 | D:10     | Bought a scroll of identify for 32 gold pieces
  9557 | D:10     | Bought a potion of heal wounds for 80 gold pieces
  9557 | D:10     | Bought a scroll of enchant armour for 120 gold pieces
  9736 | D:5      | Bought a glowing kite shield for 210 gold pieces
  9963 | D:10     | Found Wiemoces's Distillery.
  9968 | D:10     | Bought a potion of heal wounds for 75 gold pieces
 10060 | D:10     | Found a staircase to the Orcish Mines.
 10461 | D:11     | Noticed a cyclops
 10474 | D:11     | Killed a cyclops
 10676 | D:11     | Reached XP level 11. HP: 67/94 MP: 10/10
 10768 | D:11     | Identified the +11 war axe of Suseutza {freeze, rC+ Will+
                  | Int+4}
 10831 | D:11     | Reached skill level 15 in Axes
 10958 | D:11     | Noticed a boulder beetle
 10971 | D:11     | Killed a boulder beetle
 11046 | D:11     | Noticed an oklob plant
 11145 | D:11     | Noticed a two-headed ogre
 11153 | D:11     | Killed a two-headed ogre
 11153 | D:11     | Identified the +0 hat "Qaanly" {Rampage *Slow Fly rElec}
                  | (Okawaru gifted it to you on level 11 of the Dungeon)
 11153 | D:11     | Received a gift from Okawaru
 11485 | D:11     | Found a staircase to the Lair.
 11629 | D:11     | Reached skill level 16 in Axes
 12410 | D:12     | Noticed a two-headed ogre
 12413 | D:12     | Killed a two-headed ogre
 12414 | D:12     | Reached skill level 17 in Axes
 13111 | D:13     | Noticed a brown ugly thing
 13115 | D:13     | Noticed a purple ugly thing
 13121 | D:13     | Killed a brown ugly thing
 13125 | D:13     | Killed a purple ugly thing
 13126 | D:13     | Reached XP level 12. HP: 100/104 MP: 11/11
 13390 | D:13     | Noticed a vault guard
 13399 | D:13     | Noticed a vault guard
 13400 | D:13     | Noticed a centaur warrior
 13403 | D:13     | Killed a vault guard
 13404 | D:13     | Reached ****** piety under Okawaru
 13417 | D:13     | Killed a vault guard
 13417 | D:13     | Received a gift from Okawaru
 13418 | D:13     | Killed a centaur warrior
 13422 | D:13     | Reached skill level 10 in Fighting
 13594 | D:13     | Found a gate to the Vaults.
 13669 | D:13     | Noticed a centaur warrior
 13678 | D:13     | Killed a centaur warrior
 13813 | D:13     | Noticed a centaur warrior
 13828 | D:13     | Killed a centaur warrior
 13829 | D:13     | Reached skill level 18 in Axes
 13997 | D:13     | Noticed a seven-headed hydra
 14010 | D:13     | Killed a three-headed hydra
 14010 | D:13     | Received a gift from Okawaru
 14624 | Orc:1    | Entered Level 1 of the Orcish Mines
 15086 | Orc:1    | Found Kuepp's Magic Scroll Emporium.
 15224 | Orc:2    | Entered Level 2 of the Orcish Mines
 15231 | Orc:2    | Noticed a two-headed ogre
 15231 | Orc:2    | Noticed a two-headed ogre
 15231 | Orc:2    | Noticed a two-headed ogre
 15243 | Orc:2    | Killed a two-headed ogre
 15250 | Orc:2    | Killed a two-headed ogre
 15251 | Orc:2    | Reached skill level 10 in Shields
 15252 | Orc:2    | Noticed a two-headed ogre
 15254 | Orc:2    | Killed a two-headed ogre
 15257 | Orc:2    | Noticed an ogre mage
 15260 | Orc:2    | Killed a two-headed ogre
 15267 | Orc:2    | Noticed a two-headed ogre
 15269 | Orc:2    | Killed an ogre mage
 15270 | Orc:2    | Reached XP level 13. HP: 55/118 MP: 12/12
 15620 | Orc:2    | Identified the +11 war axe of the Dozen Xeniums {freeze,
                  | rF+ rC+ rCorr Str+4} (Okawaru gifted it to you on level 2
                  | of the Orcish Mines)
 15620 | Orc:2    | Received a gift from Okawaru
 16514 | Orc:2    | Found Wucov's Antique Weapon Emporium.
 16514 | Orc:2    | Found Couqoyly's Magic Scroll Boutique.
 16515 | Orc:2    | Found Ninehogg's Jewellery Boutique.
 16515 | Orc:2    | Found Kequruer's Armour Shoppe.
 16722 | Orc:2    | Found a staircase to the Elven Halls.
 17306 | Elf:1    | Entered Level 1 of the Elven Halls
 18354 | Elf:1    | Identified the +1 cloak of the Merchant {rN+ Dex+3}
                  | (Okawaru gifted it to you on level 1 of the Elven Halls)
 18354 | Elf:1    | Received a gift from Okawaru
 18355 | Elf:1    | Reached skill level 15 in Fighting
 18530 | Elf:1    | Reached XP level 14. HP: 94/137 MP: 13/13
 19486 | Elf:1    | Noticed a deep elf elementalist
 19501 | Elf:1    | Killed a deep elf elementalist
 19999 | Elf:1    | Found Patau's Book Shoppe.
 20014 | Elf:1    | Learned a level 2 spell: Passwall
 20018 | Elf:1    | Learned a level 3 spell: Hailstorm
 20246 | Elf:1    | Received a gift from Okawaru
 20363 | Elf:1    | Noticed an Ice Fiend
 20392 | Elf:1    | HP: 1/140 [deep elf high priest/a malign offering (31)]
 20394 | Elf:1    | Killed from afar by a deep elf high priest

Illustrated notes

Levels and vault maps discovered:
D:1:      dpeg_arrival_ternary, layout_basic, chequers_ecumenical_altar_simple
D:2:      layout_basic
D:3:      layout_rooms, mainiacjoe_overflow_paths, zin_academy,
          hex_intersection, amcnicky_mini_corridor_feature,
          hangedman_decor_points, minivault_23
D:4:      layout_basic, minmay_temple_entry_waves
D:5:      layout_loops_ring, tgw_kikubaaqudgha, mainiacjoe_overflow_chevrons,
          ashenzari_altar_1, serial_shops, shop, gammafunk_ghost_icy
D:6:      layout_basic, minmay_overflow_temple_hex
D:7:      layout_rooms, chequers_serial_rivers_micro_e
D:8:      layout_basic, amcnicky_altar_gilded, serial_bayou_lagoon_a,
          uniq_prince_ribbit1, uniq_psyche, uniq_erica, uniq_maurice
D:9:      layout_loops_cross, serial_shops, shop,
          eino_small_chamber_without_monster, uniq_grum
D:10:     layout_irregular_city, old_standard_altar,
          kennysheep_orc_monster_closet_entryway, serial_shops, shop,
          nicolae_shop_just_a_little_nook
D:11:     layout_irregular_city, dpeg_oklobed_lair
D:12:     layout_basic, nrook_guardian_serpent_ordinary
D:13:     layout_grid_maze, ximxim_vaults_locker_room
Temple:   grunt_temple_mini_profane
Orc:1:    layout_caves, basic_altar, serial_shops, shop
Orc:2:    st_orc_ogre_mass, layout_caves
Elf:1:    layout_geoelf_diagonals, serial_shops, shop,
          minmay_elf_crystal_hexagon, hangedman_elf_represent,
          roderic_lattice_octagonal_star

Skill      XL: |  1  2  3  4  5  6  7  8  9 10 11 12 13 14 |
---------------+-------------------------------------------+-----
Fighting       | 4 5 6 7 8 9 12 16 17 | 17.5
Armour         | 4 5 6 7 9 10 11 12 13 | 13.6
Axes           | 3 5 6 7 9 11 12 14 17 18 | 18.0
Shields        | 4 5 6 7 10 11 12 | 12.4
Invocations    | |  0.3

Action                     |  1- 3 |  4- 6 |  7- 9 | 10-12 | 13-15 || total
---------------------------+-------+-------+-------+-------+-------++-------
  Melee: War axe           |    70 |   108 |   156 |   272 |   257 ||   863
         Headbutt          |     9 |     5 |    18 |    73 |    46 ||   151
         Unarmed           |       |       |     5 |       |       ||     5
         Broad axe         |       |       |       |    11 |       ||    11
  Throw: Dart              |       |    22 |    63 |   106 |    46 ||   237
         Throwing net      |       |       |       |     3 |     2 ||     5
 Invoke: Heroism           |       |       |     2 |     6 |     5 ||    13
    Use: Scroll            |       |    10 |    13 |     6 |     1 ||    30
         Potion            |       |     5 |     8 |     4 |     4 ||    21
   Stab: Distracted        |       |       |     1 |       |     2 ||     3
 Armour: Scale mail        |    26 |    52 |    68 |    74 |    35 ||   255
         Skin              |       |       |     2 |       |       ||     2
  Dodge: Dodged            |    27 |    49 |    86 |    78 |    27 ||   267
  Block: Buckler           |    13 |    20 |    19 |       |       ||    52
         Kite shield       |       |       |    34 |   152 |    77 ||   263
